 Dungeon Crawl Stone Soup version 0.27-a0-1136-g0b992a5a9d (webtiles) character file.

Game seed: 16365433825343215297

982 1player the Magician (level 8, -2/59 HPs)
             Began as a Djinni Conjurer on May 5, 2021.
             Was a Follower of Makhleb.
             Killed from afar by Dowan (24 damage)
             ... with a shard of ice
             ... on level 5 of the Dungeon.
             The game lasted 00:13:47 (7264 turns).

1player the Magician (Djinni Conjurer)              Turns: 7264, Time: 00:13:48

Health: -2/59      AC:  3    Str:  6    XL:     8   Next: 17%
Gold:   170        EV: 11    Int: 22    God:    Makhleb [*.....] SH:  0 Dex: 12

rFire    + + .     SeeInvis .   b - +2 dagger (elec)
rCold    x . .     Faith    .   (no shield)
rNeg     . . .     Spirit   .   e - +0 leather armour
rPois    ∞         Reflect  .   (no helmet)
rElec    .         Harm     .   (no cloak)
rCorr    .         Rampage  .   (no gloves)
Will     .....                  (boots unavailable)
Stlth    +.........             (no amulet)
HPRegen  0.19/turn              (no ring)
MPRegen  0.00/turn              (no ring)

@: flying
A: sickness immunity, fire resistance 2, cold vulnerability 1, float, innate
caster, hp casting, extra vitality 1
a: Renounce Religion


You were on level 5 of the Dungeon.
You worshipped Makhleb.
Makhleb was aware of your devotion.
You visited 1 branch of the dungeon, and saw 5 of its levels.
You also visited: Ossuary.

You collected 170 gold pieces.

Inventory:

Hand Weapons
 b - a +2 dagger of electrocution (weapon)
Armour
 e - a +0 leather armour (worn)
Wands
 t - a wand of iceblast (6)
Scrolls
 v - a scroll of teleportation
 x - 2 scrolls of magic mapping
 y - a scroll of silence {!r}
Potions
 g - a potion of flight {unknown}
 m - a potion of cancellation
 p - a potion of resistance {unknown}
 q - a potion of haste {unknown}
 r - a potion of degeneration {unknown}
 u - a potion of heal wounds {unknown}


   Skills:
 + Level 5.2 Fighting
 + Level 3.0 Dodging
 - Level 1.5 Stealth
 - Level 7.0 Spellcasting


You had 2 spell levels left.
You knew the following spells:

 Your Spells              Type           Power      Damage    Failure   Level
a - Corona                Hex            42%        N/A       1%          1
b - Dazzling Flash        Conj/Hex       76%        N/A       2%          3
c - Fulminant Prism       Conj/Hex       19%        3d11      7%          4
q - Magic Dart            Conj           100%       1d8       1%          1
s - Slow                  Hex            38%        N/A       1%          2
v - Iskenderun's Mystic   Conj/Tloc      38%        2d9       7%          4
x - Ensorcelled Hibernat  Hex/Ice        76%        N/A       1%          2
z - Searing Ray           Conj           76%        3d6       1%          2
Your spell library was empty.

Dungeon Overview and Level Annotations

Branches:
Dungeon (5/15)            Ossuary (visited)
 Temple: D:4-7

Altars:
Cheibriados
Makhleb
Okawaru
Qazlal
The Shining One

Annotations:
D:5 Dowan, Edmund


Innate Abilities, Weirdness & Mutations

You are immune to sickness and miasma.
You are immune to poison.
Your flesh is very heat resistant. (rF++)
You are vulnerable to cold. (rC-)
You float through the air rather than walking.
You learn spells naturally, not from books.
Your magical power is your life essence.
You have superior vitality. (+4 HP)


Message History

Dowan blinks!
The searing ray hits Duvessa!
Duvessa is severely wounded.
You finish channeling your searing ray.
Duvessa misses you.
Casting: Searing Ray (safe; 1% risk of failure)
Confirm with . or Enter, or press ? or * to list all spells.
Aiming: Searing Ray (safe; 1% risk of failure)
Press: ? - help, Shift-Dir - straight line, f/p - Duvessa
Aim: Duvessa, wielding a +0 short sword and wearing a +0 leather armour (severely wounded, blind, 83% to hit)
The searing ray hits Duvessa.
Duvessa is almost dead. (Press . to maintain the ray.) Duvessa completely misses you.
The searing ray hits Duvessa!
You kill Duvessa!
Makhleb accepts your kill.
Dowan screams, "No!
Oh no!"
Dowan seems to find hidden reserves of power!
Your magical contamination has completely faded away.
Your Fighting skill increases to level 5!
Your Dodging skill increases to level 3!
The searing ray hits Dowan!
Dowan is moderately wounded.
The searing ray misses Dowan.
You finish channeling your searing ray.
Dowan points at you and mumbles some strange words.
The stone arrow misses you.
Okay, then.
Casting: Searing Ray (safe; 1% risk of failure)
Confirm with . or Enter, or press ? or * to list all spells.
Aiming: Searing Ray (safe; 1% risk of failure)
Press: ? - help, Shift-Dir - straight line, f - Dowan
Aim: Dowan, wielding a +0 dagger and wearing a +0 robe (moderately wounded, fast, 73% to hit)
The searing ray misses Dowan. (Press . to maintain the ray.) Dowan hits you with a +0 dagger.
The searing ray hits Dowan!
Dowan is heavily wounded.
Dowan gestures at you while chanting. The shard of ice hits you!!
You feel a painful chill!
You die...

#####.# #..........# #
###.....########....).....# #
....................>############
###..............................
..##################.############
..# ###..####### ..# #..........#
..################..........#
..'.........÷..e@...........#
..################..........# ..#
#..........# ### #..........#
#....)..)..# #..........#
#######..### #####..## #.......#


You could see Dowan (fast).

Vanquished Creatures
  Duvessa (D:5)
  A necrophage (D:3)
  An ogre (D:4)
  A kobold brigand (D:5)
  2 scorpions (D:4)
  A bullfrog zombie (D:5)
  An orc priest (D:3)
  2 hounds (D:4)
  A bullfrog skeleton (D:5)
  An iguana (D:5)
  Ijyb (D:3)
  2 orc wizards (D:4)
  2 hound zombies (Ossuary)
  3 hound skeletons
  7 adders
  A river rat (D:4)
  An adder zombie (Ossuary)
  2 worms (D:3)
  10 orcs
  8 ball pythons
  9 endoplasms
  8 giant cockroaches
  8 goblins
  7 hobgoblins
  18 jackals
  A quokka (D:1)
  3 bats
  5 frilled lizards
  2 gnoll zombies (Ossuary)
  A jackal zombie (Ossuary)
  18 kobolds
  6 rats
135 creatures vanquished.

Vanquished Creatures (others)
  9 demonic plants (D:1)
  3 fungi (D:1)
  14 plants
  8 withered plants
34 creatures vanquished.

Grand Total: 169 creatures vanquished

Notes
Turn   | Place    | Note
-------+----------+-------------------------------------------
     0 | D:1      | 1player the Djinni Conjurer began the quest for the Orb.
     0 | D:1      | Reached XP level 1. HP: 15/15 MP: 0/0
   308 | D:1      | Reached XP level 2. HP: 19/22 MP: 0/0
   558 | D:1      | Reached skill level 1 in Fighting
   558 | D:1      | Reached skill level 4 in Spellcasting
   932 | D:1      | Reached XP level 3. HP: 24/27 MP: 0/0
   932 | D:1      | Learned a level 1 spell: Corona
  1255 | D:1      | Found a faded altar of an unknown god.
  1670 | D:1      | Identified the Disquisition on Hexes
  1920 | D:2      | Reached XP level 4. HP: 32/33 MP: 0/0
  3189 | D:3      | Reached XP level 5. HP: 31/38 MP: 0/0
  3189 | D:3      | Learned a level 2 spell: Slow
  3415 | D:3      | Reached skill level 5 in Spellcasting
  3700 | D:3      | Noticed a necrophage
  3775 | D:3      | Noticed Ijyb
  3784 | D:3      | Killed Ijyb
  4052 | D:3      | Found a burning altar of Makhleb.
  4053 | D:3      | Found a snail-covered altar of Cheibriados.
  4060 | D:3      | Became a worshipper of Makhleb the Destroyer
  4064 | D:3      | Found an iron altar of Okawaru.
  4072 | D:3      | Found a stormy altar of Qazlal.
  4105 | D:3      | Killed a necrophage
  4106 | D:3      | Reached XP level 6. HP: 41/46 MP: 0/0
  4455 | D:4      | Found a sand-covered staircase.
  4460 | Ossuary  | Entered an ossuary
  4510 | Ossuary  | Reached skill level 6 in Spellcasting
  4872 | D:4      | Reached XP level 7. HP: 48/51 MP: 0/0
  4872 | D:4      | Learned a level 2 spell: Ensorcelled Hibernation
  5793 | D:4      | Reached * piety under Makhleb
  6258 | D:5      | Entered Level 5 of the Dungeon
  6326 | D:5      | Found a glowing golden altar of the Shining One.
  6631 | D:5      | Reached skill level 7 in Spellcasting
  6631 | D:5      | Reached XP level 8. HP: 50/58 MP: 0/0
  6861 | D:5      | Noticed Edmund
  7234 | D:5      | Noticed Duvessa
  7234 | D:5      | Noticed Dowan
  7260 | D:5      | Killed Duvessa
  7261 | D:5      | Reached skill level 5 in Fighting
  7264 | D:5      | Killed from afar by Dowan

Illustrated notes

Levels and vault maps discovered:
D:1:      saegor_arrival_miasma, layout_basic, shapermc_ecumenical_altar_gd
D:2:      layout_loops_cross, dk_vineyard_1, kennysheep_generic_room_8
D:3:      layout_loops_ring, minitemple, serial_bayou_pond_a, uniq_ijyb
D:4:      layout_loops_corners, nicolae_ossuary_entry_false_entrances,
          portal_sewer_entry_e
D:5:      layout_basic, grunt_temple_overflow_growth_and_decay,
          kennysheep_little_box, uniq_edmund, uniq_duvessa

Skill      XL: |  1  2  3  4  5  6  7  8 |
---------------+-------------------------+-----
Fighting       | 1 2 3 4 5 |  5.2
Spellcasting   | 4 5 6 7 |  7.0
Dodging        | 3 |  3.0
Stealth        | |  1.5

Action                   |  1- 3 |  4- 6 |  7- 9 || total
-------------------------+-------+-------+-------++-------
Melee: Dagger            |     3 |     7 |     8 ||    18
 Cast: Magic Dart        |    57 |    62 |    47 ||   166
       Searing Ray       |    13 |    20 |    20 ||    53
       Dazzling Flash    |       |     1 |     1 ||     2
       Ensorcelled Hiber |       |       |     7 ||     7
  Use: Scroll            |     1 |     8 |     5 ||    14
       Potion            |       |     1 |       ||     1
 Stab: Invisible         |       |     1 |       ||     1
       Sleeping          |       |       |     3 ||     3
Armor: Robe              |     3 |       |       ||     3
       Leather armour    |     1 |     9 |     2 ||    12
Dodge: Dodged            |    18 |    27 |    15 ||    60

Table legend: (Time is in decaauts)
 A = Elapsed time spent in this place.
 B = Non-inter-level travel time spent in this place.
 C = Inter-level travel time spent in this place.
 D = Time resting spent in this place.
 E = Time spent auto-exploring this place.
 F = Levels seen in this place.
 G = Mean time per level.
                   A        B        C        D        E       F      G
               +--------+--------+--------+--------+--------+-----+--------+
         Total |   7269 |   6931 |    338 |   2682 |   3304 |   6 | 1211.5 |
       Dungeon |   7208 |   6870 |    338 |   2682 |   3304 |   5 | 1441.6 |
       Ossuary |     61 |     61 |      0 |      0 |      0 |   1 |   61.0 |
               +--------+--------+--------+--------+--------+-----+--------+

Top non-repeatable levels by time:
     D:4: 1958 daAuts
     D:1: 1703 daAuts
     D:2: 1349 daAuts
     D:3: 1208 daAuts
     D:5: 988 daAuts
 Ossuary: 61 daAuts
